 Dungeon Crawl Stone Soup version 0.22-a0-879-g615c57abe7 (webtiles) character file.

1439 B0nuz the Chiller (level 8, -5/59 HPs)
             Began as a Grey Draconian Ice Elementalist on July 30, 2018.
             Was a Follower of Qazlal.
             Slain by a killer bee (10 damage)
             ... on level 6 of the Dungeon.
             The game lasted 00:46:41 (5182 turns).

B0nuz the Chiller (Grey Draconian Ice Elementalist) Turns: 5182, Time: 00:46:42

Health: -5/59      AC: 12    Str: 10    XL:     8   Next: 45%
Magic:  18/18      EV: 13    Int: 16    God:    Qazlal [*.....]
Gold:   227        SH:  1    Dex: 12    Spells: 6/20 levels left

rFire    . . .     SeeInvis .   f - +2 spear (flame)
rCold    . . .     Gourm    .   (no shield)
rNeg     . . .     Faith    .   (armour unavailable)
rPois    +         Spirit   .   (helmet restricted)
rElec    .         Reflect  .   (no cloak)
rCorr    .         Harm     .   g - +0 pair of gloves
MR       .....                  (no boots)
Stlth    ++........             j - amulet of the acrobat
HPRegen  0.19/turn              t - ring of poison resistance
MPRegen  0.16/turn              (no ring)

@: no status effects
A: walk through water, unfitting armour, antennae 1, dopey 1, unbreathing,
cold-blooded, MP-powered wands, AC +11
a: Renounce Religion


You were on level 6 of the Dungeon.
You worshipped Qazlal.
Qazlal was aware of your devotion.
You were not hungry.

You visited 2 branches of the dungeon, and saw 7 of its levels.

You collected 227 gold pieces.

Inventory:

Hand Weapons
 d - a cursed -3 flail
 e - a +0 short sword
 f - a +2 spear of flaming (weapon)
 s - a +0 short sword of protection
 y - a +0 mace of protection
Missiles
 a - 7 needles of sleeping
 c - 140 stones (quivered)
Armour
 g - a +0 pair of gloves (worn)
Jewellery
 j - an amulet of the acrobat (around neck)
 p - an uncursed amulet of harm
 t - a ring of poison resistance (left hand)
Wands
 l - a wand of enslavement (8)
 v - a wand of random effects (29)
Scrolls
 h - 2 scrolls of identify
 i - 2 scrolls of teleportation
 k - a scroll of amnesia
 m - 5 scrolls of remove curse
 o - a scroll of magic mapping {unknown}
 r - a scroll of fear
 u - a scroll of immolation {unknown}
Potions
 n - 2 potions of flight
 q - a potion of agility
Comestibles
 b - 8 rations
 w - 2 chunks of flesh


   Skills:
 + Level 1.1 Fighting
 + Level 2.8 Polearms
 + Level 2.8 Dodging
 + Level 2.1 Stealth
 * Level 6.7 Spellcasting
 + Level 1.7 Conjurations
 * Level 6.9 Ice Magic


You had 6 spell levels left.
You knew the following spells:

 Your Spells              Type           Power        Failure   Level  Hunger
a - Freeze                Ice            ####         1%          1    None
b - Throw Frost           Conj/Ice       ###...       3%          2    None
c - Ozocubu's Armour      Chrm/Ice       ###.....     10%         3    ##.....
d - Throw Icicle          Conj/Ice       ###.....     22%         4    ####...
e - Summon Ice Beast      Ice/Summ       ###.....     30%         4    ####...

Your spell library contained the following spells:

 Spells                   Type           Power        Failure   Level  Hunger


Dungeon Overview and Level Annotations

Branches:
Dungeon (6/15)             Temple (1/1) D:4

Altars:
Ashenzari
Cheibriados
Elyvilon
Gozag
Hepliaklqana
Kikubaaqudgha
Makhleb
Nemelex Xobeh
Okawaru
Qazlal
Ru
Sif Muna
Uskayaw
Wu Jian
Xom
Yredelemnul
Zin


Innate Abilities, Weirdness & Mutations

You can walk through water.
Your dull iron-grey scales are very hard. (AC +11)
You cannot fit into any form of body armour.
You can survive without breathing.
You are cold-blooded and may be slowed by cold attacks.
You have a pair of small antennae on your head.
You are dopey. (Int -2)
You expend magic power (3 MP) to strengthen your wands.


Message History

Pain shoots through your body!
* * * LOW HITPOINT WARNING * * *
The orc priest looks satisfied for a moment.
A killer bee comes into view.
A killer bee comes into view. x2; A worker ant comes into view.
The killer bee moves out of view.
You closely miss the killer bee.
The worker ant twitches its antennae in your direction.
The killer bee stings you.
* * * LOW HITPOINT WARNING * * *
The killer bee misses you.
The killer bee buzzes angrily. x2
You hit the killer bee. You burn the killer bee.
The killer bee is moderately wounded.
You hear an angry buzzing noise.
A killer bee comes into view.
The killer bee misses you.
A killer bee comes into view.
The killer bee stings you!
You die...

#......# ### #.####.#
#... ##+####.### ##....
###.........# ......
#...........#. ......
#................
......###................
.$.......).<†............
#........§@....##........
..###.....y....##........
#.....o.....#........
.......y#...)y..#........
#.......y###.........<
.........# ....a....
........y....#......
........Z....#......
..#.................


You could see a worker ant, 5 killer bees, an orc priest and an adder skeleton
(wandering).

Vanquished Creatures
  The ghost of Htamos the Stinger, an amateur NaVM (D:4)
  Sigmund (D:2)
  A black bear (D:5)
  2 ice beasts (D:6)
  A sky beast (D:5)
  A centaur (D:5)
  A crimson imp (D:5)
  3 orc priests
  A bullfrog zombie (D:5)
  2 hounds (D:5)
  An iguana (D:4)
  4 orc wizards
  4 worker ants (D:4)
  8 adders
  2 oozes (D:1)
  2 worms
  A dart slug (D:1)
  A leopard gecko (D:1)
  26 orcs
  3 ball pythons
  4 giant cockroaches
  5 goblins
  9 hobgoblins
  6 jackals
  7 kobolds
  A quokka (D:2)
  8 bats
  6 frilled lizards
  A jackal zombie (D:5)
  A leopard gecko skeleton (D:4)
  3 quokka skeletons
  10 rats
  A butterfly (D:4)
128 creatures vanquished.

Notes
Turn   | Place    | Note
-------+----------+-------------------------------------------
     0 | D:1      | B0nuz the Draconian Ice Elementalist began the quest for the Orb.
     0 | D:1      | Reached XP level 1. HP: 14/14 MP: 3/3
   179 | D:1      | Reached XP level 2. HP: 14/20 MP: 0/5
   508 | D:1      | Reached XP level 3. HP: 26/26 MP: 0/7
  1391 | D:2      | Reached XP level 4. HP: 33/33 MP: 3/9
  1619 | D:2      | Noticed Sigmund
  1680 | D:2      | Killed Sigmund
  1680 | D:2      | Reached skill level 1 in Polearms
  1680 | D:2      | Reached XP level 5. HP: 18/38 MP: 6/11
  1767 | D:2      | Reached XP level 6. HP: 34/45 MP: 2/12
  2207 | D:3      | Learned a level 2 spell: Throw Frost
  2212 | D:3      | Learned a level 3 spell: Ozocubu's Armour
  2690 | D:4      | Found a shattered altar of Ashenzari.
  2713 | D:4      | Reached skill level 5 in Ice Magic
  2729 | D:4      | HP: 1/45 [orc priest/nerve-wracking pain (3)]
  2732 | D:4      | Gained mutation: You are dopey. (Int -2) [potion of mutation]
  2732 | D:4      | Gained mutation: You expend magic power (3 MP) to strengthen your wands. [potion of mutation]
  2732 | D:4      | Gained mutation: You have a pair of small antennae on your head. [potion of mutation]
  2732 | D:4      | Gained mutation: You evolve. [potion of mutation]
  2935 | D:4      | Your scales start taking on a dull iron-grey colour.
  2935 | D:4      | Reached XP level 7. HP: 17/50 MP: 10/14
  2935 | D:4      | Gained mutation: You can survive without breathing. [Grey Draconian growth]
  3053 | D:4      | Lost mutation: You evolve. [evolution]
  3227 | D:4      | Reached skill level 5 in Spellcasting
  3237 | D:4      | Found a staircase to the Ecumenical Temple.
  3248 | Temple   | Entered the Ecumenical Temple
  3451 | Temple   | Became a worshipper of Qazlal Stormbringer
  3791 | D:4      | Found a runed door.
  3802 | D:4      | Noticed Htamos's ghost (amateur NaVM)
  3828 | D:4      | Killed Htamos's ghost
  3871 | D:5      | Entered Level 5 of the Dungeon
  4393 | D:5      | Learned a level 4 spell: Throw Icicle
  4398 | D:5      | Learned a level 4 spell: Summon Ice Beast
  4529 | D:5      | Reached XP level 8. HP: 50/58 MP: 12/17
  4892 | D:5      | Reached skill level 1 in Fighting
  5148 | D:6      | Reached * piety under Qazlal
  5182 | D:6      | Slain by a killer bee

Vault maps used:
D:1:      roderic_dead_forest
D:2:      corexii_leaking_fountain, uniq_sigmund
D:4:      ashenzari_altar_1, minmay_temple_entry_butterflies,
          ebering_ghost_reflecting_pool, first_ration
D:5:      minmay_small_thing
D:6:      uniq_crazy_yiuf_cottage
Temple:   regret_index_temple_sphere_string

Skill      XL: |  1  2  3  4  5  6  7  8 |
---------------+-------------------------+-----
Dodging        | 2 |  2.8
Spellcasting   | 3 4 6 |  6.7
Polearms       | 1 2 |  2.8
Stealth        | 2 |  2.1
Ice Magic      | 4 5 6 |  6.9
Fighting       | 1 |  1.1
Conjurations   | |  1.7

Action                   |  1- 3 |  4- 6 |  7- 9 || total
-------------------------+-------+-------+-------++-------
Melee: Club              |    11 |       |       ||    11
       Tailslap          |     1 |     3 |     8 ||    12
       Unarmed           |     1 |       |       ||     1
       Spear             |    27 |    65 |    72 ||   164
Throw: Stone             |     2 |     1 |       ||     3
 Cast: Freeze            |    56 |    73 |    86 ||   215
       Throw Frost       |       |    12 |     7 ||    19
       Ozocubu's Armour  |       |     3 |     1 ||     4
  Use: Scroll            |     2 |     6 |       ||     8
       Potion            |       |     8 |     1 ||     9
 Stab: Sleeping          |     2 |     1 |       ||     3
       Distracted        |     1 |       |       ||     1
  Eat: Chunk             |     2 |     6 |     4 ||    12
       Ration            |       |       |     1 ||     1
Armor: Skin              |    36 |    31 |    56 ||   123
Dodge: Dodged            |    58 |   119 |   116 ||   293

Table legend:
 A = Spawn XP
 B = Non-spawn XP
 C = Spawn XP percentage of total XP
 D = Spawn monster count
 E = Non-spawn monster count
 F = Spawn count percentage of total count
 G = Total turns spent on level
                    A         B        C        D         E        F      G
               +---------+---------+-------+---------+---------+-------+---------
         Total |       0 |    2056 |   0.0 |       0 |     127 |   0.0 |  5182
               +---------+---------+-------+---------+---------+-------+---------
           D:1 |       0 |      65 |   0.0 |       0 |      31 |   0.0 |  1183
           D:2 |       0 |     320 |   0.0 |       0 |      25 |   0.0 |   809
           D:3 |       0 |     162 |   0.0 |       0 |      24 |   0.0 |   698
           D:4 |       0 |     590 |   0.0 |       0 |      22 |   0.0 |   808
           D:5 |       0 |     648 |   0.0 |       0 |      19 |   0.0 |  1176
           D:6 |       0 |     271 |   0.0 |       0 |       6 |   0.0 |   135
               +---------+---------+-------+---------+---------+-------+---------
